 Dungeon Crawl Stone Soup version 0.31-a0-430-gf8416d752b (webtiles) character file.

Game seed: 13703033763168252027

110778 Bnni the Fencer (level 16, -9/151 HPs)
             Began as a Minotaur Fighter on July 31, 2023.
             Was the Champion of the Shining One.
             Mangled by Ilsuiw
             ... wielding a +4 trident of freezing
              (10 damage)
             ... on level 2 of the Shoals.
             The game lasted 01:00:07 (21029 turns).

Bnni the Fencer (Minotaur Fighter)                 Turns: 21029, Time: 01:00:08

Health: -9/151     AC: 19    Str: 22    XL:     16   Next: 8%
Magic:  25/25      EV: 14    Int:  3    God:    the Shining One [******]
Gold:   2109       SH:  0    Dex: 20    Spells: 13/15 levels left

rFire   + . .        w - +5 long sword "Luorrivu" {freeze, rPois}
rCold   + + .        v - +2 buckler
rNeg    + + +        M - +0 ring mail "Buwypnoace" {rF+ Regen+ Int-2 Dex+3 Slay+3}
rPois   +            C - +5 hat "Usmutsen" {-Cast rElec rC++ Regen+}
rElec   +            (no cloak)
rCorr   .            (no gloves)
SInv    .            U - +1 pair of boots {Stlth+}
Will    +....        F - amulet of regeneration
Stlth   +            L - +4 ring of protection
HPRegen 2.85/turn    x - +5 ring of evasion
MPRegen 0.19/turn

%: no spellcasting
@: held, glowing, studying 2 skills, very slow
A: horns 2, retaliatory headbutt
a: Renounce Religion, Divine Shield, Cleansing Flame, Summon Divine Warrior,
Brand Weapon With Holy Wrath


You were on level 2 of the Shoals.
You worshipped the Shining One.
The Shining One was exalted by your worship.
You visited 5 branches of the dungeon, and saw 25 of its levels.
You visited 1 bazaar.
You also visited: Gauntlet.

You collected 3091 gold pieces.
You spent 982 gold pieces at shops.

Inventory:

Hand Weapons
 e - a +0 hand crossbow of electrocution
 w - the +5 long sword "Luorrivu" (weapon) {freeze, rPois}
   (You bought it in a shop on level 12 of the Dungeon)

   rPois:     It protects you from poison.
 I - the +6 sling of Instinct {freeze, rElec rF+ rCorr Int-4}
   (You found it on level 8 of the Dungeon)

   Int:       It affects your intelligence (-4).
   rF:        It protects you from fire.
   rElec:     It insulates you from electricity.
   rCorr:     It protects you from acid and corrosion.
 R - a +0 scimitar of flaming
Missiles
 f - 63 poisoned darts
 k - 2 darts of dispersal
 K - 2 throwing nets
Armour
 v - a +2 buckler (worn)
 C - the +5 hat "Usmutsen" (worn) {-Cast rElec rC++ Regen+}
   (You acquired it on level 14 of the Dungeon)

   rC:        It greatly protects you from cold.
   rElec:     It insulates you from electricity.
   -Cast:     It prevents spellcasting.
   Regen:     It increases your rate of health regeneration.
 M - the +0 ring mail "Buwypnoace" (worn) {rF+ Regen+ Int-2 Dex+3 Slay+3}
   (You found it on level 9 of the Dungeon)

   Int:       It affects your intelligence (-2).
   Dex:       It affects your dexterity (+3).
   Slay:      It affects your accuracy & damage with ranged weapons and melee
   (+3).
   rF:        It protects you from fire.
   Regen:     It increases your rate of health regeneration.
 U - a +1 pair of boots of stealth (worn)
Jewellery
 c - the ring "Iguisch" {rPois rC+ Stlth+}
   (You took it off a centaur on level 5 of the Dungeon)

   [ring of poison resistance]

   rC:        It protects you from cold.
   rPois:     It protects you from poison.
   Stlth:     It makes you more stealthy.
 x - a +5 ring of evasion (right hand)
 F - an amulet of regeneration (around neck)
 L - a +4 ring of protection (left hand)
 P - a ring of fire
 Y - a ring of fire
Wands
 q - a wand of light (4)
 G - a wand of roots (28)
 Q - a wand of paralysis (20)
Scrolls
 g - 5 scrolls of blinking
 h - 2 scrolls of brand weapon
 l - a scroll of immolation
 o - 5 scrolls of revelation
 p - 9 scrolls of teleportation
 u - 4 scrolls of silence
 y - 5 scrolls of fog
 H - 3 scrolls of fear
 J - 6 scrolls of poison
 N - 3 scrolls of amnesia
 O - 2 scrolls of enchant weapon
 X - 2 scrolls of enchant armour
Potions
 a - 2 potions of berserk rage
 b - 8 potions of mutation
 d - 4 potions of might
 i - 6 potions of lignification
 j - 9 potions of curing
 n - 2 potions of haste
 r - a potion of resistance
 t - 3 potions of enlightenment
 z - a potion of invisibility {unknown}
 A - 5 potions of magic
 D - 3 potions of attraction {unknown}
 T - 2 potions of cancellation
 V - a potion of heal wounds
Miscellaneous
 m - a phantom mirror
 B - a lightning rod (4/4)
 W - a phial of floods


   Skills:
 + Level 16.0 Fighting
 - Level 16.0 Long Blades
 * Level 12.1 Ranged Weapons
 + Level 12.8 Armour
 + Level 11.1 Dodging
 - Level 5.0 Shields
 * Level 13.9 Invocations


You had 13 spell levels left.
You knew the following spells:

 Your Spells              Type           Power      Damage    Failure   Level
b - Blink                 Tloc           0%         N/A       85%         2

Your spell library contained the following spells:

 Spells                   Type           Power      Damage    Failure   Level
 Magic Dart               Conj           0%         1d3       71%         1
 Poisonous Vapours        Pois/Air       0%         N/A       85%         2
 Searing Ray              Conj           0%         2d4       85%         2
 Static Discharge         Conj/Air       0%         2-2/arc   85%         2
 Sublimation of Blood     Necr           0%         N/A       85%         2
 Wereblood                Tmut           0%         N/A       85%         2
 Dazzling Flash           Conj/Hex       0%         N/A       97%         3
 Frozen Ramparts          Ice            0%         1d1       97%         3
 Ignite Poison            Fire/Tmut/Pois 0%         N/A       97%         3
 Mephitic Cloud           Conj/Pois/Air  0%         N/A       97%         3
 Portal Projectile        Hex/Tloc       0%         N/A       97%         3
 Tukima's Dance           Hex            0%         N/A       97%         3
 Volatile Blastmotes      Fire/Tloc      0%         2d10      97%         3
 Fulminant Prism          Conj/Hex       0%         3d5       100%        4
 Iskenderun's Mystic Bla  Conj/Tloc      0%         2d3       100%        4
 Leda's Liquefaction      Hex/Erth       0%         N/A       100%        4
 Manifold Assault         Tloc           0%         N/A       100%        4
 Olgreb's Toxic Radiance  Pois           0%         N/A       100%        4
 Passage of Golubria      Tloc           0%         N/A       100%        4
 Petrify                  Tmut/Erth      0%         N/A       100%        4
 Sticky Flame             Conj/Fire      0%         2d3       100%        4
 Agony                    Necr           0%         N/A       100%        5
 Freezing Cloud           Conj/Ice/Air   0%         6-21      100%        5
 Irradiate                Conj/Tmut      0%         3d11      100%        5
 Iskenderun's Battlesphe  Conj           0%         2d6       100%        5
 Metabolic Englaciation   Hex/Ice        0%         N/A       100%        5
 Silence                  Hex/Air        0%         N/A       100%        5
 Yara's Violent Unravell  Hex/Tmut       0%         3d3       100%        5
 Discord                  Hex            0%         N/A       100%        8
 Ignition                 Fire           0%         3d3       100%        8
 Lehudib's Crystal Spear  Conj/Erth      0%         10d2      100%        8


Dungeon Overview and Level Annotations

Branches:
Dungeon (15/15)            Temple (1/1) D:5            Lair (5/5) D:10
 Shoals (2/4) Lair:2       Spider (0/4) Lair:2        Slime (0/5) Lair:4
    Orc (2/2) D:9             Elf (0/3) Orc:2        Vaults (0/5) D:14
 Depths (0/4) D:15        Gauntlet (visited)

Altars:
Ashenzari
Cheibriados
Dithmenos
Elyvilon
Fedhas
Gozag
Hepliaklqana
Kikubaaqudgha
Makhleb
Nemelex Xobeh
Okawaru
Qazlal
Ru
Sif Muna
Trog
Uskayaw
Vehumet
Wu Jian
Xom
Yredelemnul
Zin
The Shining One

Shops:
D:5 [   D:6 =   D:12 (((   Orc:2 *:!?   Shoals:1 [

Annotations:
D:8 2 transporters
Lair:4 1 runed translucent door
Shoals:2 Ilsuiw


Innate Abilities, Weirdness & Mutations

You have a pair of horns on your head.
You reflexively headbutt those who attack you in melee.


Message History

The merfolk siren chants a haunting song.
You are mesmerised by the merfolk siren!
Something shouts, "Attack, my pets!
Attack!"
You hear a bellow!
You feel much better.
The merfolk impaler seems to regain its courage.
The water nymph touches you. The water nymph drowns you!
* * * LOW HITPOINT WARNING * * *
The water nymph's watery aura covers the stone staircase leading up.
You struggle against the net.
The merfolk seems to regain its courage.
The dream sheep seems to regain its courage.
The water nymph points at you and mumbles some strange words.
The water swirls and strikes you.
* * * LOW HITPOINT WARNING * * *
Ilsuiw gestures wildly while chanting.
The merfolk siren chants a haunting song.
You hear a bellow!
You struggle against the net.
The water nymph touches you. The water nymph drowns you!
* * * LOW HITPOINT WARNING * * *
The merfolk siren chants its luring song. x2
The merfolk throws a boomerang.
The boomerang hits you! The Shining One protects you from harm!
Unknown command.
As you read the scroll of fear, it crumbles to dust.
You assume a fearsome visage.
The water elemental is unaffected.
Ilsuiw resists with almost no effort.
The merfolk siren looks frightened! x2
The merfolk looks frightened!
The water nymph resists with some effort.
The dream sheep looks frightened!
The dream sheep is struck with panic!
The snapping turtle looks frightened!
The merfolk impaler looks frightened!
The snapping turtle looks frightened!
The merfolk siren stops singing. x2
You break out of your daze!
The water nymph touches you. The water nymph drowns you!
* * * LOW HITPOINT WARNING * * *
A death yak comes into view.
Ilsuiw hits you from afar with a +4 trident of freezing!
You die...

≈≈≈≈≈≈≈≈≈≈≈~P~~~PP≈≈~~
#≈≈≈≈≈≈≈~E~~~~~~~PPPPP~~
#≈≈≈≈≈≈~~~~m~~P~P~~PPP~~
#≈≈≈≈≈≈~~~~~~t~P~P~P~~~~
#≈≈≈≈≈≈Y~~~m.mC.H§~H≈l~~
#≈≈≈≈≈~~~~~.mEYm..P~≈m~~
#≈≈≈≈~~~~m..##..P[..St~~
#≈≈≈~~~~.)†#####..>.....
#≈≈≈~†~@.<.# #..PPP.Y.
#≈≈≈~~m#########.HmtAY..
#≈≈≈~~~~...............Y
#≈≈≈~~.~...........).c..
#≈≈≈≈~~.................
#≈≈≈≈≈~............≈≈≈≈≈
#≈≈≈≈≈~..........≈≈≈≈≈≈≈
#≈≈≈≈~~~.~~....≈≈≈≈m≈≈≈≈
#≈≈≈≈~~~.~~...≈≈≈≈≈≈≈≈t≈


You could see Polyphemus, Ilsuiw, a merfolk impaler (fleeing), a death yak, a
snapping turtle (fleeing), 2 merfolk, 2 water elementals, a merfolk siren
(fleeing), a water nymph and a dream sheep (fleeing).

Vanquished Creatures
  Jorgrun (Orc:2)
  Kirke (D:13)
  Nessos (D:13)
  Azrael (Orc:2)
  A minotaur (Gauntlet)
  Snorg (Orc:2)
  A merfolk impaler (Shoals:1)
  A great orb of eyes (D:15)
  A rakshasa (D:15)
  Erolcha (D:13)
  A vault guard (D:14)
  A hydra (Lair:2)
  An ironbound frostheart (D:14)
  A death knight (D:13)
  A merfolk avatar (Shoals:2)
  A tengu warrior (D:15)
  4 boulder beetles
  6 centaur warriors
  3 two-headed ogres
  Urug (Orc:2)
  A shock serpent (shapeshifter) (D:15)
  3 skysharks
  4 skeletal warriors (D:15)
  A death drake (Gauntlet)
  2 goliath frogs (Lair:5)
  5 sea snakes (Shoals:1)
  A phantasmal warrior (D:12)
  A wolf spider zombie (Gauntlet)
  8 orc knights
  8 harpies
  2 deep elf pyromancers
  4 fauns (Shoals:1)
  4 oklob plants (Lair:3)
  A moth of wrath (Gauntlet)
  11 ugly things
  8 cyclopes
  2 merfolk sirens (Shoals:1)
  2 water nymphs
  7 manticores
  A spectral centaur (Gauntlet)
  6 black mambas
  2 torpor snails
  26 cane toads
  2 gargoyles
  2 unseen horrors
  11 komodo dragons
  3 freezing wraiths
  Maggie (D:10)
  An efreet (D:13)
  5 rime drakes
  A spectral harpy (Gauntlet)
  A tengu conjurer (D:15)
  3 trolls
  2 tyrant leeches (Lair:5)
  3 wind drakes (Shoals:1)
  3 merfolk
  3 meliai (D:14)
  2 polar bears
  2 snapping turtles (Shoals:1)
  5 dream sheep
  A blink frog (shapeshifter) (D:13)
  25 slime creatures
  26 blink frogs
  3 culicivoras (Lair:2)
  3 wyverns
  2 jumping spiders (Lair:2)
  A wraith (D:11)
  A water elemental (Shoals:1)
  2 shadows
  2 vampires (D:11)
  58 yaks
  8 basilisks
  A human (D:14)
  A steam dragon (Lair:4)
  A fire elemental (Orc:2)
  A hog (D:13)
  8 vampire mosquitoes
  A redback (Lair:2)
  5 wargs
  15 water moccasins
  Duvessa (D:7)
  4 hell hounds (Orc:2)
  2 black bears
  4 ice beasts
  33 orc warriors
  5 ogres
  10 centaurs
  7 wolves
  A phantom (D:4)
  3 kobold brigands
  Blork the orc (D:4)
  17 bullfrogs
  4 necrophages (D:6)
  2 scorpions (D:6)
  Dowan (D:7)
  5 killer bees (D:8)
  2 electric eels (Lair:5)
  2 howler monkeys
  A centaur zombie (D:6)
  8 orc priests
  2 bullfrog zombies (D:6)
  3 hounds
  A gnoll bouda (Orc:1)
  3 jellies
  3 sleepcaps
  5 iguanas
  15 orc wizards
  10 gnolls
  10 adders
  A shadow imp (D:7)
  3 white imps
  2 ufetubi
  A worm (D:2)
  6 dart slugs
  73 orcs
  8 endoplasms
  2 giant cockroaches (D:3)
  6 goblins
  9 hobgoblins
  4 quokkas
  3 ball pythons
  5 bats
  3 frilled lizards
  28 kobolds
  4 rats
678 creatures vanquished.

Vanquished Creatures (collateral kills)
  The ghost of Aquy the Severer, a journeyman MiFi of Yredelemnul (Orc:1)
  An orc knight (Orc:2)
  2 harpies (Shoals:2)
  A manticore (Shoals:2)
  2 fire elementals (Orc:2)
  4 orc warriors (Orc:2)
  An orc wizard (Orc:2)
  7 orcs (Orc:2)
19 creatures vanquished.

Vanquished Creatures (others)
  An orc sorcerer (Orc:2)
  A harpy (Shoals:2)
2 creatures vanquished.

Grand Total: 699 creatures vanquished

Notes
Turn   | Place    | Note
-------+----------+-------------------------------------------
     0 | D:1      | Bnni the Minotaur Fighter began the quest for the Orb.
     0 | D:1      | Reached XP level 1. HP: 19/19 MP: 0/0
   479 | D:1      | Reached XP level 2. HP: 22/27 MP: 1/1
   610 | D:2      | Reached XP level 3. HP: 32/33 MP: 2/2
  1218 | D:3      | Reached XP level 4. HP: 41/41 MP: 3/3
  1276 | D:3      | Found a burning altar of Makhleb.
  1372 | D:3      | Reached XP level 5. HP: 26/47 MP: 4/4
  1928 | D:3      | Reached skill level 5 in Long Blades
  2538 | D:4      | Noticed Blork the orc
  2547 | D:4      | Killed Blork the orc
  2548 | D:4      | Reached skill level 5 in Fighting
  2548 | D:4      | Reached skill level 5 in Shields
  2548 | D:4      | Reached XP level 6. HP: 31/56 MP: 5/5
  3168 | D:5      | Entered Level 5 of the Dungeon
  3185 | D:5      | Found a staircase to the Ecumenical Temple.
  3200 | Temple   | Entered the Ecumenical Temple
  3242 | Temple   | Became a worshipper of the Shining One
  3302 | D:5      | Reached XP level 7. HP: 63/63 MP: 6/6
  3507 | D:4      | Reached skill level 1 in Invocations
  3530 | D:5      | Identified the ring "Iguisch" {rPois rC+ Stlth+}
  3654 | D:5      | Found a shadowy altar of Dithmenos.
  3837 | D:5      | Found Oluoxeno's Armour Shoppe.
  4110 | D:6      | Reached XP level 8. HP: 70/71 MP: 8/8
  4297 | D:6      | HP: 1/73 [acid (9)]
  4828 | D:6      | Found a blossoming altar of Fedhas.
  4896 | D:6      | Found Namyl's Jewellery Shoppe.
  5080 | D:6      | Reached * piety under the Shining One
  5114 | D:6      | Reached skill level 10 in Long Blades
  5452 | D:7      | Noticed Dowan
  5454 | D:7      | Noticed Duvessa
  5466 | D:7      | Killed Duvessa
  5467 | D:7      | Reached XP level 9. HP: 77/81 MP: 11/11
  5467 | D:7      | Killed Dowan
  5494 | D:7      | Identified the +3 rapier of Temperance {drain, Dex+2}
  5528 | D:7      | Found a broken altar of Ashenzari.
  6341 | D:8      | Reached skill level 5 in Invocations
  6522 | D:8      | Noticed a two-headed ogre
  6535 | D:8      | Killed a two-headed ogre
  6628 | D:8      | Reached XP level 10. HP: 76/91 MP: 13/13
  6673 | D:8      | Found a transporter.
  6674 | D:8      | Found a transporter.
  6674 | D:8      | Found an ancient bone altar of Kikubaaqudgha.
  6678 | D:8      | Noticed a death knight
  6681 | D:8      | Noticed a death knight
  6684 | D:8      | Found a basalt altar of Yredelemnul.
  6686 | D:8      | Noticed a death knight
  6686 | D:8      | Reached ** piety under the Shining One
  6699 | D:8      | Identified the +6 sling of Instinct {freeze, rElec rF+
                  | rCorr Int-4}
  7004 | D:8      | Found a sacrificial altar of Ru.
  7319 | D:9      | Found a bloodstained altar of Trog.
  7542 | D:9      | Found a staircase to the Orcish Mines.
  8021 | D:9      | Found a hazy altar of Hepliaklqana.
  8026 | D:9      | Found a white marble altar of Elyvilon.
  8026 | D:9      | Found an ornate altar of the Wu Jian Council.
  8059 | D:9      | Identified the +0 ring mail "Buwypnoace" {rF+ Regen+ Int-2
                  | Dex+3 Slay+3}
  8275 | D:10     | Entered Level 10 of the Dungeon
  8276 | D:10     | You fall into a shaft and drop 2 floors!
  8287 | D:12     | Found Jisat's Weapon Shop.
  8351 | D:12     | Noticed a white ugly thing
  8360 | D:12     | Killed a white ugly thing
  8361 | D:12     | Reached skill level 10 in Fighting
  8383 | D:12     | Found Rochaorph's Antique Weapon Boutique.
  8383 | D:12     | Noticed a centaur warrior
  8387 | D:12     | Found a flickering gateway to a bazaar.
  8397 | D:12     | Killed a centaur warrior
  8417 | Bazaar   | Entered a bazaar
  8419 | Bazaar   | Found Nusabupo's Weapon Boutique.
  8423 | Bazaar   | Found Rorchogue's Antique Armour Boutique.
  8423 | Bazaar   | Found Babbir's Weapon Boutique.
  8424 | Bazaar   | Found Qeackuir's Distillery.
  8451 | Bazaar   | Bought a potion of heal wounds for 55 gold pieces
  8451 | Bazaar   | Bought a potion of curing for 33 gold pieces
  8451 | Bazaar   | Bought a potion of heal wounds for 55 gold pieces
  8451 | Bazaar   | Bought a potion of mutation for 88 gold pieces
  8451 | Bazaar   | Bought a potion of berserk rage for 55 gold pieces
  8470 | D:12     | Bought an iridescent long sword for 289 gold pieces
  8470 | D:12     | Identified the +5 long sword "Luorrivu" {freeze, rPois}
                  | (You bought it in a shop on level 12 of the Dungeon)
  8707 | D:11     | Noticed a cyclops
  8715 | D:11     | Killed a cyclops
  8716 | D:11     | Reached skill level 1 in Dodging
  8807 | D:10     | Noticed Maggie
  8831 | D:10     | Killed Maggie
  8905 | D:10     | Reached XP level 11. HP: 101/101 MP: 15/15
  9124 | D:10     | Found a staircase to the Lair.
  9575 | D:10     | Found a shimmering altar of Xom.
  9731 | D:11     | Noticed a boulder beetle
  9750 | D:11     | Killed a boulder beetle
  9905 | D:11     | Noticed a two-headed ogre
  9911 | D:11     | Killed a two-headed ogre
  9912 | D:11     | Reached skill level 5 in Armour
 10141 | D:12     | Reached skill level 15 in Long Blades
 10169 | D:12     | Noticed a deep elf pyromancer
 10176 | D:12     | Killed a deep elf pyromancer
 10181 | D:12     | Noticed a cyan ugly thing
 10186 | D:12     | Killed a cyan ugly thing
 10205 | D:12     | Found Unouhill's Weapon Emporium.
 10220 | D:12     | Identified a scroll of acquirement
 10667 | D:12     | Noticed a death knight
 10667 | D:12     | Noticed a phantasmal warrior
 10693 | D:12     | Killed a phantasmal warrior
 10899 | D:13     | Noticed Nessos
 10900 | D:13     | Noticed a centaur warrior
 10912 | D:13     | Killed Nessos
 10913 | D:13     | Reached XP level 12. HP: 67/112 MP: 17/17
 10915 | D:13     | Killed a centaur warrior
 10942 | D:12     | Acquired a +0 hand crossbow of electrocution
 11117 | D:13     | Killed a death knight
 11118 | D:13     | Reached skill level 1 in Ranged Weapons
 11118 | D:13     | Reached skill level 5 in Dodging
 11289 | D:13     | Noticed Erolcha
 11383 | Lair:1   | Entered Level 1 of the Lair of Beasts
 11483 | Lair:1   | Reached *** piety under the Shining One
 11526 | Lair:1   | Noticed a boulder beetle
 11558 | Lair:1   | Killed a boulder beetle
 11591 | Lair:1   | Acquired 801 gold pieces
 11960 | Lair:2   | Found a hole to the Spider Nest.
 12112 | Lair:2   | Reached XP level 13. HP: 122/122 MP: 19/19
 12323 | Lair:2   | Found a staircase to the Shoals.
 12472 | Lair:2   | Reached skill level 5 in Ranged Weapons
 12742 | Lair:3   | Reached skill level 10 in Invocations
 12797 | Lair:3   | Identified the staff "Xoilagel" {Drain rF+ Str+4 Dex+3
                  | Fire}
 12843 | Lair:3   | Found a gate leading to a gauntlet.
 12857 | Gauntlet | Entered a Gauntlet
 12857 | Gauntlet | Found a transporter.
 12864 | Gauntlet | Found a transporter.
 12866 | Gauntlet | Found a transporter.
 12876 | Gauntlet | Reached **** piety under the Shining One
 12877 | Gauntlet | Found a transporter.
 12880 | Gauntlet | Found a transporter.
 12891 | Gauntlet | Found a transporter.
 12907 | Gauntlet | Found a transporter.
 12920 | Gauntlet | Found a transporter.
 12932 | Gauntlet | Found a transporter.
 12933 | Gauntlet | Found a runed translucent door.
 12933 | Gauntlet | Found a runed translucent door.
 12937 | Gauntlet | Found a transporter.
 12937 | Gauntlet | Found a transporter.
 12964 | Gauntlet | Found a runed translucent door.
 12965 | Gauntlet | Found a transporter.
 12965 | Gauntlet | Found a transporter.
 12966 | Gauntlet | Found a runed translucent door.
 13015 | Gauntlet | Found a transporter.
 13257 | Gauntlet | Noticed a minotaur
 13265 | Gauntlet | Killed a minotaur
 13270 | Gauntlet | Identified the +2 falchion "Perodegue" {venom, rElec rN+
                  | Str+2}
 13271 | Gauntlet | Got the Omnibus of the Plutonic Fifth Circle
 14238 | Lair:4   | Identified the +6 halberd of Urgency {heavy, rPois rC-
                  | Int+2 SInv}
 14258 | Lair:4   | Reached skill level 10 in Armour
 14413 | Lair:4   | Found a runed translucent door.
 14440 | Lair:4   | Found a staircase to the Slime Pits.
 15303 | Lair:5   | Entered Level 5 of the Lair of Beasts
 15311 | Lair:5   | Reached XP level 14. HP: 129/132 MP: 21/21
 15549 | Lair:5   | Reached ***** piety under the Shining One
 16372 | Orc:1    | Entered Level 1 of the Orcish Mines
 16654 | Orc:1    | Found a runed translucent door.
 16654 | Orc:1    | Noticed Aquy's ghost (journeyman MiFi)
 16667 | Orc:1    | Killed Aquy's ghost
 16672 | Orc:1    | Got the Almanac of Grounded Misfortune
 16837 | Orc:2    | Entered Level 2 of the Orcish Mines
 16866 | Orc:2    | Noticed Azrael
 16899 | Orc:2    | Killed Azrael
 17081 | Orc:2    | Noticed Urug
 17093 | Orc:2    | Killed Urug
 17098 | Orc:2    | Found a staircase to the Elven Halls.
 17158 | Orc:2    | Found Ehufenis's Distillery.
 17205 | Orc:2    | Found Cefa's Magic Scroll Boutique.
 17220 | Orc:2    | Reached skill level 15 in Fighting
 17267 | Orc:2    | Noticed Jorgrun
 17287 | Orc:2    | Killed Jorgrun
 17445 | Orc:2    | Noticed Snorg
 17451 | Orc:2    | Killed Snorg
 17536 | Orc:2    | Found Humpour's Book Boutique.
 17538 | Orc:2    | Found Xeisom's Assorted Antiques.
 17548 | Orc:2    | Reached skill level 10 in Dodging
 17748 | Orc:2    | Bought a potion of heal wounds for 60 gold pieces
 17748 | Orc:2    | Bought 2 potions of curing for 72 gold pieces
 17748 | Orc:2    | Bought a potion of curing for 36 gold pieces
 17748 | Orc:2    | Bought a potion of curing for 36 gold pieces
 17757 | Orc:2    | Bought a scroll of enchant armour for 82 gold pieces
 17757 | Orc:2    | Bought a scroll of identify for 22 gold pieces
 17757 | Orc:2    | Bought a scroll of identify for 22 gold pieces
 17757 | Orc:2    | Bought a scroll of teleportation for 33 gold pieces
 17757 | Orc:2    | Bought a scroll of fear for 44 gold pieces
 17964 | D:13     | Reached XP level 15. HP: 131/141 MP: 23/23
 17997 | D:13     | Noticed Kirke
 18011 | D:13     | Killed Kirke
 18012 | D:13     | Reached skill level 10 in Ranged Weapons
 18065 | D:13     | Killed Erolcha
 18380 | D:14     | Learned a level 2 spell: Blink
 18439 | D:14     | Acquired the +5 hat "Usmutsen" {-Cast rElec rC++ Regen+}
 18480 | D:14     | Found a radiant altar of Vehumet.
 18903 | D:14     | Found a gate to the Vaults.
 18990 | D:15     | Entered Level 15 of the Dungeon
 19036 | D:15     | Reached ****** piety under the Shining One
 19392 | D:15     | Found a staircase to the Depths.
 19421 | D:15     | Paralysed by a floating eye for 3 turns
 19779 | D:15     | Found a glowing silver altar of Zin.
 20091 | Shoals:1 | Entered Level 1 of the Shoals
 20483 | Shoals:1 | Found Foyfivew's Armour Emporium.
 20873 | Shoals:2 | Found a hide-covered altar of Uskayaw.
 20931 | Shoals:2 | HP: 5/143 [harpy (34)]
 20940 | Shoals:1 | Reached XP level 16. HP: 13/151 MP: 20/25
 21024 | Shoals:2 | Noticed Ilsuiw
 21025 | Shoals:2 | HP: 4/151 [drowned by a water nymph (8)]
 21028 | Shoals:2 | The Shining One protects you from harm!
 21029 | Shoals:2 | HP: 1/151 [drowned by a water nymph (7)]
 21029 | Shoals:2 | Mangled by Ilsuiw

Illustrated notes

Levels and vault maps discovered:
D:1:      minmay_arrival_three_doors, layout_loops_cross
D:2:      layout_rooms
D:3:      layout_basic, mainiacjoe_overflow_small_starburst,
          columned_hall_lemuel, nrook_campfire
D:4:      layout_basic, minmay_misc_feat_x, uniq_blork_the_orc
D:5:      layout_rooms, nicolae_dithmenos_shadow_blocks,
          minmay_temple_entry_mist, serial_shops, shop, minivault_26
D:6:      layout_cave_pools, fedhas_altar_decomposition, serial_shops,
          nicolae_shop_real_fake_doors, hex_tiny
D:7:      layout_basic, ashenzari_conservatory_becter, minivault_10,
          uniq_duvessa
D:8:      layout_loops_corners, gammafunk_temple_of_torment,
          nicolae_ru_path_of_blood
D:9:      layout_layer_cave, minitemple, trog_hazing_becter, serial_bayou_pond_d
D:10:     layout_basic, mainiacjoe_overflow_alcove_2, lair_entry_dummy,
          uniq_maggie
D:11:     layout_basic
D:12:     layout_loops_corners, serial_shops, bzr_entry_lakeside, shop, shop,
          shop, minmay_fractal_squares_diagonal_5
D:13:     layout_roguey, uniq_kirke, uniq_erolcha, uniq_nessos
D:14:     layout_irregular_city, hellmonk_vaults_keyhole, chequers_jeans,
          vehumet_altar_wand_db
D:15:     gammafunk_enter_depths_forms, layout_loops_ring,
          hangedman_abyss_or_decor_lesser_grid, zin_scriptorium
Temple:   nicolae_temple_two_arcs
Lair:1:   layout_gridlike, serial_bayou_crossing, grunt_megastairs_4
Lair:2:   layout_loops_ring, elwin_shoals_entry_rooms,
          nicolae_spider_entry_tight_spaces
Lair:3:   minmay_lair_oklob_tunnel, layout_regular_city, gauntlet_entry_generic
Lair:4:   layout_cave_pods, slime_entry_2, serial_bayou_pond_b, st_stairs_6,
          minmay_lair_drake_nest, grunt_megastairs_3
Lair:5:   minmay_lair_end_frog_pond, layout_gridlike
Shoals:1: layout_shoals, serial_shops, nicolae_shop_back_alley_shop,
          overgrown_hall
Shoals:2: nicolae_shoals_offshore_bank_account, layout_shoals,
          lemuel_altar_in_water, st_shoals_ruin, uniq_ilsuiw, uniq_polyphemus
Orc:1:    layout_diamond_mine, serial_shops, nicolae_shop_tiny_statue_garden,
          gammafunk_ghost_grave
Orc:2:    st_orc_town, layout_caves, uniq_urug, uniq_jorgrun, uniq_snorg,
          uniq_azrael

Skill      XL: |  1  2  3  4  5  6  7  8  9 10 11 12 13 14 15 16 |
---------------+-------------------------------------------------+-----
Long Blades    | 3 4 5 7 8 10 12 14 15 16 | 16.0
Fighting       | 4 5 6 8 9 10 11 13 14 15 16 | 16.0
Shields        | 4 5 |  5.0
Invocations    | 2 4 6 7 8 9 10 12 13 | 13.9
Armour         | 4 6 8 10 11 12 | 12.8
Dodging        | 1 4 6 8 10 11 | 11.1
Ranged Weapons | 4 7 9 11 12 | 12.1

Action                     |  1- 3 |  4- 6 |  7- 9 | 10-12 | 13-15 | 16-18 || total
---------------------------+-------+-------+-------+-------+-------+-------++-------
  Melee: Long sword        |    84 |   139 |   191 |   395 |  1025 |    18 ||  1852
         Headbutt          |     9 |    24 |    88 |   140 |   315 |     6 ||   582
         Dagger            |       |       |    91 |    71 |       |       ||   162
   Fire: Hand crossbow     |       |       |       |     2 |   207 |     5 ||   214
  Throw: Dart              |       |       |     3 |     2 |     2 |       ||     7
         Throwing net      |       |       |       |     1 |     4 |       ||     5
 Invoke: Divine Shield     |       |       |       |     5 |     1 |       ||     6
         Cleansing Flame   |       |       |       |       |     2 |       ||     2
         Summon Divine War |       |       |       |       |     3 |       ||     3
  Evoke: Wand              |       |       |       |     3 |     3 |       ||     6
         Phial of floods   |       |       |       |       |     1 |       ||     1
    Use: Scroll            |       |     5 |     2 |     7 |    14 |     3 ||    31
         Potion            |       |       |     3 |     7 |     5 |     1 ||    16
 Armour: Scale mail        |    40 |    73 |    67 |     8 |       |       ||   188
         Ring mail         |       |       |       |    68 |   179 |    19 ||   266
  Dodge: Dodged            |    43 |    61 |   113 |   237 |   733 |    57 ||  1244
  Block: Buckler           |    16 |    47 |    83 |   156 |   357 |    10 ||   669

Table legend: (Time is in decaauts)
 A = Elapsed time spent in this place.
 B = Non-inter-level travel time spent in this place.
 C = Inter-level travel time spent in this place.
 D = Time resting spent in this place.
 E = Time spent auto-exploring this place.
 F = Levels seen in this place.
 G = Mean time per level.
                   A        B        C        D        E       F      G
               +--------+--------+--------+--------+--------+-----+--------+
         Total |  20933 |  19586 |   1347 |   1223 |  13848 |  27 |  775.3 |
       Dungeon |  13491 |  12639 |    852 |    892 |   9347 |  15 |  899.4 |
        Temple |     52 |     43 |      9 |      0 |      0 |   1 |   52.0 |
          Lair |   4515 |   4195 |    320 |    207 |   2896 |   5 |  903.0 |
        Shoals |   1036 |    972 |     64 |     49 |    611 |   2 |  518.0 |
  Orcish Mines |   1367 |   1266 |    101 |     57 |    777 |   2 |  683.5 |
        Bazaar |     43 |     43 |      0 |      0 |      0 |   1 |   43.0 |
      Gauntlet |    426 |    426 |      0 |     18 |    216 |   1 |  426.0 |
               +--------+--------+--------+--------+--------+-----+--------+

Top non-repeatable levels by time:
     D:6: 1266 daAuts
    D:12: 1212 daAuts
     D:3: 1155 daAuts
  Lair:3: 1150 daAuts
  Lair:4: 1065 daAuts
     D:4: 1061 daAuts
     D:9: 1029 daAuts
    D:10: 1023 daAuts
     D:8: 1010 daAuts
  Lair:5: 946 daAuts
     D:7: 940 daAuts
Shoals:1: 935 daAuts
    D:15: 910 daAuts
   Orc:2: 898 daAuts
  Lair:2: 825 daAuts
